 Dungeon Crawl Stone Soup version 0.27-a0-909-g0721f309d1 (webtiles) character file.

Game seed: 7857959514957114225

426992 Lanoc the Shatterer (level 23, -8/137 HPs)
             Began as a Gargoyle Berserker on Apr 8, 2021.
             Was the Champion of Trog.
             Mangled by a stone giant (41 damage)
             ... on level 4 of the Vaults.
             The game lasted 01:52:15 (57885 turns).

Lanoc the Shatterer (Gargoyle Berserker)           Turns: 57885, Time: 01:52:16

Health: -8/137     AC: 48    Str: 25    XL:     23   Next: 48%
Magic:  23/23      EV: 19    Int:  7    God:    Trog [******]
Gold:   375        SH:  0    Dex: 15    Spells: 22/22 levels left

rFire    + + .     SeeInvis +   b - +10 great mace of Floods {vorpal, Fly rF++ Str-4 SInv}
rCold    . . .     Faith    +   (shield currently unavailable)
rNeg     + . .     Spirit   .   Y - +10 plate armour of Honour {Will+ Str+4 Slay+3}
rPois    ∞         Reflect  .   (no helmet)
rElec    +         Harm     .   G - +2 cloak
rCorr    +         Rampage  .   Q - +2 pair of gloves
Will     ++++.                  (no boots)
Stlth    ..........             S - amulet of faith
HPRegen  1.32/turn              g - +4 ring of evasion
MPRegen  0.18/turn              s - ring of Xoipof {rCorr Int-3 Slay+4}

@: flying, regenerating
A: AC +17, big wings, negative energy resistance 1, electricity resistance,
torment resistance 1, unbreathing 1, petrification resistance, deformed body,
deterioration 1, frail 1, screaming 1, strong 1, wild magic 1
}: 3/15 runes: decaying, serpentine, slimy
a: Renounce Religion, Berserk, Trog's Hand, Brothers in Arms


You were on level 4 of the Vaults.
You worshipped Trog.
Trog was exalted by your worship.
You visited 9 branches of the dungeon, and saw 43 of its levels.
You visited the Abyss 1 time.
You also visited: Gauntlet.

You collected 4354 gold pieces.
You spent 3979 gold pieces at shops.

Inventory:

Hand Weapons
 a - the +7 great mace "Wuompanuji" {vorpal, +Inv rC+++ Int-3}
   (You acquired it on level 12 of the Dungeon)

   It inflicts extra damage upon your enemies.
   It affects your intelligence (-3).
   It renders you almost immune to cold.
   It lets you turn invisible.
 b - the +10 great mace of Floods (weapon) {vorpal, Fly rF++ Str-4 SInv}
   (Trog gifted it to you on level 4 of the Lair of Beasts)

   It inflicts extra damage upon your enemies.
   It affects your strength (-4).
   It greatly protects you from fire.
   It lets you see invisible.
   It grants you flight.
 i - a +5 demon whip of electrocution
 y - a +2 vampiric morningstar
Missiles
 z - 11 curare-tipped darts
 U - 4 throwing nets
Armour
 C - a +2 kite shield
 G - a +2 cloak (worn)
 Q - a +2 pair of gloves (worn)
 V - a +0 cloak of preservation
 W - a scarf of resistance
 Y - the +10 plate armour of Honour (worn) {Will+ Str+4 Slay+3}
   (You found it on level 5 of the Pits of Slime)

   It affects your strength (+4).
   It affects your accuracy and damage with ranged weapons and melee attacks
   (+3).
   It increases your willpower.
Jewellery
 g - a +4 ring of evasion (left hand)
 k - a ring of see invisible
 s - the ring of Xoipof (right hand) {rCorr Int-3 Slay+4}
   (You acquired it on level 4 of the Snake Pit)

   [ring of resist corrosion]

   It affects your intelligence (-3).
   It affects your accuracy and damage with ranged weapons and melee attacks
   (+4).
   It protects you from acid and corrosion.
 I - an amulet of guardian spirit
 R - a ring of willpower
 S - an amulet of faith (around neck)
Wands
 r - a wand of mindburst (8)
 A - a wand of polymorph (36)
 F - a wand of charming (13)
 J - a wand of acid (15)
 K - a wand of iceblast (13)
 L - a wand of paralysis (26)
Scrolls
 c - 2 scrolls of immolation
 e - 11 scrolls of teleportation
 j - 4 scrolls of enchant weapon
 o - 5 scrolls of holy word
 q - 6 scrolls of fog
 t - 3 scrolls of magic mapping
 v - 2 scrolls of enchant armour
 H - 3 scrolls of silence
 O - 2 scrolls of brand weapon
 X - a scroll of fear
 Z - 15 scrolls of identify
Potions
 l - 4 potions of ambrosia
 m - 6 potions of invisibility
 p - 9 potions of curing
 w - 7 potions of attraction
 x - 6 potions of lignification
 B - 7 potions of haste
 D - 2 potions of cancellation
 M - 10 potions of magic
 N - 3 potions of resistance
 P - 5 potions of might
Miscellaneous
 d - a phial of floods
 f - a condenser vane
 h - a box of beasts
 n - a tin of tremorstones (2/2)
 E - a lightning rod (4/4)
 T - a phantom mirror


   Skills:
 + Level 18.6 Fighting
 + Level 21.8 Maces & Flails
 + Level 18.5 Armour
 + Level 16.2 Dodging
 - Level 4.0 Shields
 + Level 14.8 Evocations


You had 22 spell levels left.
You didn't know any spells.
Your spell library contained the following spells:

 Spells                   Type           Power      Damage    Failure   Level
 Shock                    Conj/Air       0%         1d3       97%         1
 Searing Ray              Conj           0%         3d3       99%         2
 Dazzling Flash           Conj/Hex       0%         N/A       100%        3
 Mephitic Cloud           Conj/Pois/Air  0%         N/A       100%        3
 Fireball                 Conj/Fire      0%         3d3       100%        5
 Lightning Bolt           Conj/Air       0%         1d11      100%        5


Dungeon Overview and Level Annotations

Branches:
Dungeon (15/15)            Temple (1/1) D:7            Lair (6/6) D:9
  Swamp (4/4) Lair:2        Snake (4/4) Lair:4        Slime (5/5) Lair:6
    Orc (2/2) D:11            Elf (0/3) Orc:2        Vaults (5/5) D:13
  Crypt (1/3) Vaults:2     Depths (0/5) D:15        Gauntlet (visited)

Altars:
Ashenzari
Cheibriados
Dithmenos
Elyvilon
Ru
Trog
Uskayaw
Xom
Beogh
Jiyva

Shops:
D:8 *   D:12 :   Orc:2 [**   Snake:3 =   Snake:4 [*??(   Vaults:4 ?*((

Portals:
Trove: Vaults:2 (give 15 scrolls of teleportation)

Annotations:
Vaults:4 , 2 transporters, exclusion: orange crystal statue, Hios's ghost, adept HOMo


Innate Abilities, Weirdness & Mutations

Your stone body is resilient. (AC +17)
You are immune to poison.
Your large and strong wings let you fly.
You resist negative energy. (rN+)
You are resistant to electric shocks. (rElec)
You are resistant to unholy torment.
You can survive without breathing.
You are immune to petrification.
Armour fits poorly on your strangely shaped body.
Your body sometimes deteriorates upon taking damage.
You are frail. (-10% HP)
You occasionally shout uncontrollably at your foes.
Your muscles are strong. (Str +2)
Your spells are a little harder to cast, but a little more powerful.


Message History

The shadow dragon bites you but does no damage.
The shadow dragon closely misses you.
The shadow dragon claws you but does no damage.
The ironbound convoker hits you but does no damage.
You bludgeon the shadow dragon!!
The shadow dragon is almost dead.
The sphinx hits you but does no damage. x3; The stone giant hits you!
The shadow dragon bites you but does no damage.
The shadow dragon completely misses you.
The shadow dragon misses you.
The ironbound convoker hits you but does no damage.
You sock the shadow dragon!
You kill the shadow dragon!
Trog accepts your kill. The sphinx misses you. The sphinx barely misses you. x2
A sphinx comes into view.
The stone giant hits you!!!
The sphinx shouts!
Your life force feels restored.
The ironbound convoker completely misses you.
The sphinx misses you.
The sphinx hits you but does no damage. x2
The stone giant closely misses you.
You fly upwards.
Level annotation: , 2 transporters, exclusion: orange crystal statue, Hios's ghost, adept HOMo
There is a stone staircase leading down here.
You sock the stone giant!
The stone giant is moderately wounded.
The ironbound convoker closely misses you.
The sphinx hits you but does no damage. x2; The sphinx misses you.
You bludgeon the stone giant!!
The stone giant is severely wounded.
The stone giant hits you!
The ironbound convoker barely misses you.
You bludgeon the stone giant!!
The stone giant is almost dead.
The sphinx mumbles some strange words.
Something smites you!
* * * LOW HITPOINT WARNING * * *
The stone giant hits you!!!
You die...

##################
#.......#........#
#...pH[.#........# #######
#...C@)(#........# .#....##
#....([.'........# #.#..#.##
#.......#........# ..(##...#
#.......#........## ...##...#
#########......≈≈≈##
...##...############.....≈≈≈≈≈#
...##...#..........'.....≈≈∩≈≈#
...##...[..........'.....≈≈.≈≈#
#.#..#.##..........#......≈.≈##


You could see a sphinx, a stone giant (strong) and an ironbound convoker.

Vanquished Creatures
  the Royal Jelly (Slime:5)
  A dread lich (Vaults:4)
  Mara (Vaults:3)
  the Lernaean hydra (Swamp:4)
  5 golden dragons
  The ghost of melvinkitnick the Gelid, an adept DgCj (Vaults:4)
  A bone dragon (Abyss:2)
  The ghost of Pefumyco the Unseen, an adept GnDe of Zin (Vaults:4)
  The ghost of Ituhak the Unseen, an adept GnDe of Zin (Vaults:4)
  Jorgrun (Swamp:1)
  The ghost of Gimozud the Bludgeoner, an adept TrBe of Trog (Vaults:4)
  The ghost of Nett the Ninja, a veteran SpBr of Wu Jian (Vaults:4)
  A titan (Vaults:5)
  The ghost of Jeulef the Wallflower, an adept DsFi of Uskayaw (Vaults:4)
  A quicksilver dragon (Vaults:4)
  A tentacled starspawn (Abyss:2)
  20 acid blobs
  An ancient champion (Vaults:2)
  3 shadow dragons
  The ghost of Cewk the Eclecticist, an adept DEVM of Sif Muna (Vaults:4)
  A thorn hunter (Swamp:4)
  4 tengu reavers
  10 nagarajas
  9 azure jellies
  2 deep elf sorcerers (Vaults:5)
  Donald (Orc:2)
  Louise (D:15)
  9 rockslimes
  9 vault wardens
  An angel (Abyss:2)
  4 ghouls
  An orc warlord (Vaults:1)
  The ghost of Atolydigh the Slinger, a journeyman OpHu of Sif Muna (D:12)
  10 quicksilver oozes
  12 ironbound preservers
  The ghost of Lanoc the Cleaver, a journeyman TrWn of Fedhas (Orc:2)
  A war gargoyle (Vaults:3)
  A stone giant (Vaults:4)
  Nessos (Lair:4)
  A very ugly thing (Vaults:1)
  A deep elf annihilator (Vaults:5)
  A deep elf demonologist (Vaults:5)
  2 entropy weavers
  A minotaur (Gauntlet)
  4 dire elephants
  4 eleionomae
  6 bunyips
  A salamander tyrant (Snake:4)
  A spark wasp (shapeshifter) (Vaults:5)
  2 deep elf death magi
  2 ettins
  4 crystal guardians
  A shambling mangrove (Swamp:4)
  9 great orbs of eyes
  2 ironbound thunderhulks
  A jiangshi (Vaults:2)
  A deep elf high priest (Vaults:5)
  9 yaktaur captains
  23 hydras
  A ghost crab (Swamp:1)
  12 naga warriors
  A rakshasa (D:15)
  2 peacekeepers
  2 boulder beetles
  A hydra (shapeshifter) (Vaults:4)
  30 vault guards
  7 ironbound frosthearts
  9 anacondas
  18 centaur warriors
  17 two-headed ogres
  3 ogre magi
  An alligator (shapeshifter) (Vaults:4)
  2 death knights
  Erica (Lair:1)
  9 alligators
  6 ironbound beastmasters
  3 hell hogs (Abyss:2)
  3 shock serpents
  3 tengu warriors
  Urug (D:11)
  2 orc high priests (Orc:2)
  5 naga sharpshooters
  Nergalle (D:11)
  A titan skeleton (Vaults:3)
  5 thrashing horrors (Abyss:2)
  The ghost of bmj180 the Digger, a novice GrEE of Vehumet (D:7)
  Sonja (D:10)
  The ghost of Killmatronix the Quickloader, a novice FoHu of Okawaru (D:6)
  A sixfirhy (Abyss:2)
  A skeletal warrior (Vaults:2)
  3 salamander mystics
  5 goliath frogs
  40 deep trolls
  A flayed ghost (Vaults:3)
  5 spriggan druids
  6 lindwurms
  16 swamp dragons
  6 bog bodies
  8 naga ritualists
  11 orc knights
  10 wizards
  Pikel (D:6)
  13 ironbound convokers
  4 phantasmal warriors
  A necromancer (Vaults:3)
  11 mana vipers
  5 deep elf pyromancers
  An oklob plant (Lair:4)
  5 shining eyes
  3 cyclopes
  A manticore (D:13)
  A frost giant zombie (Abyss:2)
  4 orc sorcerers (Orc:2)
  A moth of wrath (Gauntlet)
  6 elephants (Lair:4)
  A worldbinder (Abyss:2)
  5 will-o-the-wisps
  11 salamanders
  An elephant (shapeshifter) (Vaults:5)
  34 ugly things
  A salamander (shapeshifter) (Abyss:2)
  15 naga magi
  12 vault sentinels
  2 eyes of devastation
  28 black mambas
  6 cane toads
  A gargoyle (D:12)
  13 guardian serpents
  A smoke demon (Abyss:2)
  Maggie (Lair:1)
  A rime drake (shapeshifter) (D:15)
  An elf skeleton (Vaults:3)
  10 komodo dragons
  2 rime drakes
  2 freezing wraiths (Vaults:4)
  2 tengu conjurers (Gauntlet)
  A tormentor (Abyss:2)
  33 yaktaurs
  A demonic crawler (Abyss:2)
  A queen bee (D:7)
  A silent spectre (Abyss:2)
  10 polar bears
  A meliai (shapeshifter) (D:15)
  4 tyrant leeches
  13 hornets
  7 trolls
  2 dream sheep (Lair:6)
  18 blink frogs
  93 slime creatures
  3 redbacks
  19 spriggans
  2 shadows
  5 wraiths
  7 wyverns
  3 water elementals (D:15)
  3 large abominations
  5 small abominations
  68 yaks
  9 golden eyes
  Eustachio (D:4)
  5 basilisks
  A basilisk (shapeshifter) (D:14)
  A steam dragon (D:9)
  2 elf zombies (Vaults:3)
  11 vampire mosquitoes
  A torturous demonspawn zombie (Crypt:1)
  6 wargs
  16 swamp worms
  36 nagas
  4 acid dragons
  14 water moccasins
  A cane toad zombie (Abyss:2)
  5 swamp drakes (Swamp:4)
  25 orc warriors
  2 ice beasts
  3 black bears
  6 necrophages
  4 boggarts
  14 centaurs
  33 wolves
  7 ogres
  2 kobold brigands
  2 phantoms
  A rime drake zombie (Crypt:1)
  Blork the orc (D:6)
  8 bullfrogs
  3 gnoll sergeants
  A scorpion (D:5)
  A water moccasin zombie (D:5)
  A water moccasin skeleton (D:5)
  6 killer bees (D:7)
  5 wights (D:8)
  2 electric eels (D:15)
  A howler monkey (D:8)
  2 bullfrog zombies
  A jelly (D:3)
  6 centaur zombies
  3 hounds
  18 orc priests
  2 bullfrog skeletons (D:6)
  Crazy Yiuf (D:6)
  A scorpion zombie (D:5)
  6 iguanas
  27 orc wizards
  2 howler monkey zombies
  8 gnolls
  7 adders
  A shadow imp (D:8)
  An ufetubus (Abyss:2)
  A worm (D:5)
  3 dart slugs
  65 orcs
  6 ball pythons
  6 endoplasms
  6 giant cockroaches
  9 goblins
  12 hobgoblins
  2 jackals (D:2)
  22 kobolds
  3 quokkas
  4 bats
  4 frilled lizards
  2 rats
  A lurking horror (Abyss:2)
1442 creatures vanquished.

Vanquished Creatures (collateral kills)
  3 nagarajas (Snake:4)
  The ghost of Faamen the Pandemonic, a journeyman DDFi of Makhleb (D:12)
  A naga warrior (Snake:4)
  The ghost of Extaux the Fighter, a journeyman GrFi of Okawaru (D:12)
  The ghost of Soul the Basher, a journeyman GnCK of Xom (D:12)
  A hydra (Swamp:4)
  A naga sharpshooter (Snake:4)
  2 naga ritualists (Snake:4)
  3 orc knights
  3 naga magi
  6 nagas
  2 orc priests (Orc:2)
  An orc (Orc:2)
26 creatures vanquished.

Vanquished Creatures (others)
  A deep elf high priest (Vaults:4)
  A bloated husk (Swamp:1)
  2 nagas
  An orc wizard (D:11)
  A briar patch (Swamp:4)
  14 foxfires
  38 fungi
  46 plants
  2 withered plants (D:12)
106 creatures vanquished.

Grand Total: 1574 creatures vanquished

Notes
Turn   | Place    | Note
-------+----------+-------------------------------------------
     0 | D:1      | Lanoc the Gargoyle Berserker began the quest for the Orb.
     0 | D:1      | Reached XP level 1. HP: 14/14 MP: 1/1
   230 | D:1      | Reached XP level 2. HP: 19/19 MP: 2/2
   764 | D:1      | Reached XP level 3. HP: 22/23 MP: 3/3
  1744 | D:2      | Reached XP level 4. HP: 10/29 MP: 4/4
  2227 | D:2      | Found a faded altar of an unknown god.
  2448 | D:3      | Reached skill level 4 in Maces & Flails
  2517 | D:3      | Reached XP level 5. HP: 33/33 MP: 5/5
  2528 | D:3      | Reached ** piety under Trog
  3213 | D:4      | Noticed an ogre
  3218 | D:4      | Killed an ogre
  3219 | D:4      | Reached XP level 6. HP: 39/39 MP: 6/6
  3400 | D:4      | Noticed a necrophage
  3406 | D:4      | Killed a necrophage
  3407 | D:4      | Reached skill level 5 in Maces & Flails
  3555 | D:4      | Found a bloodstained altar of Trog.
  3555 | D:4      | Found a snail-covered altar of Cheibriados.
  3763 | D:4      | Noticed Eustachio
  3778 | D:4      | Killed Eustachio
  3779 | D:4      | Reached skill level 1 in Shields
  3779 | D:4      | Reached XP level 7. HP: 44/44 MP: 7/7
  3936 | D:5      | Entered Level 5 of the Dungeon
  4084 | D:5      | Reached skill level 5 in Fighting
  4242 | D:5      | Reached skill level 6 in Maces & Flails
  4242 | D:5      | Reached XP level 8. HP: 49/49 MP: 8/8
  4316 | D:5      | Found a hide-covered altar of Uskayaw.
  4372 | D:5      | Reached *** piety under Trog
  4897 | D:6      | Found a broken altar of Ashenzari.
  4904 | D:6      | Noticed Pikel
  4918 | D:6      | Killed Pikel
  4919 | D:6      | Reached skill level 7 in Maces & Flails
  4919 | D:6      | Reached skill level 5 in Armour
  5003 | D:6      | Found a large runed translucent door.
  5003 | D:6      | Found a large runed translucent door.
  5003 | D:6      | Noticed Killmatronix's ghost (novice FoHu)
  5065 | D:6      | Reached XP level 9. HP: 55/55 MP: 9/9
  5354 | D:6      | Noticed Blork the orc
  5367 | D:6      | Killed Blork the orc
  5382 | D:6      | Noticed a two-headed ogre
  5420 | D:6      | Found a runed translucent door.
  5421 | D:6      | Noticed Crazy Yiuf
  5556 | D:6      | Killed a two-headed ogre
  5557 | D:6      | Reached skill level 8 in Maces & Flails
  5714 | D:6      | Killed Killmatronix's ghost
  5715 | D:6      | Reached skill level 5 in Dodging
  5715 | D:6      | Reached XP level 10. HP: 63/63 MP: 10/10
  5779 | D:6      | Killed Crazy Yiuf
  5780 | D:6      | Reached skill level 9 in Maces & Flails
  5873 | D:7      | Found a transporter.
  6233 | D:7      | Found a transporter.
  6237 | D:7      | Noticed bmj180's ghost (novice GrEE)
  6597 | D:7      | Found a staircase to the Ecumenical Temple.
  6606 | Temple   | Entered the Ecumenical Temple
  6726 | D:7      | Reached **** piety under Trog
  7074 | D:7      | Killed bmj180's ghost
  7234 | D:8      | Found a white marble altar of Elyvilon.
  7554 | D:8      | Reached skill level 10 in Maces & Flails
  7812 | D:8      | Noticed a two-headed ogre
  7821 | D:8      | Killed a two-headed ogre
  8011 | D:8      | Reached XP level 11. HP: 69/69 MP: 9/11
  8165 | D:8      | Found Caacs's Elemental Accessories.
  8397 | D:8      | Reached skill level 1 in Evocations
  8536 | D:9      | Noticed a two-headed ogre
  8544 | D:9      | Killed a two-headed ogre
  8617 | D:9      | Found a staircase to the Lair.
  8797 | D:9      | Reached skill level 11 in Maces & Flails
  9698 | D:10     | Entered Level 10 of the Dungeon
 10200 | D:10     | Reached ***** piety under Trog
 10321 | D:10     | Noticed Sonja
 10328 | D:10     | Killed Sonja
 10397 | D:11     | Noticed Urug
 10403 | D:11     | Noticed a two-headed ogre
 10416 | D:11     | Killed Urug
 10502 | D:11     | Noticed a white ugly thing
 10510 | D:11     | Killed a white ugly thing
 10778 | D:11     | Noticed Nergalle
 10781 | D:11     | Noticed a spectral orc warlord
 10791 | D:11     | Killed Nergalle
 10792 | D:11     | Reached XP level 12. HP: 76/76 MP: 12/12
 10957 | D:11     | Reached skill level 12 in Maces & Flails
 11097 | D:11     | Found a staircase to the Orcish Mines.
 11432 | D:12     | Identified a scroll of acquirement
 11433 | D:12     | Acquired the +7 great mace "Wuompanuji" {vorpal, +Inv rC+++
                  | Int-3}
 11576 | D:12     | Identified the +2 falchion "Gaacs" {vorpal, rN+ MP+9 Int+7}
 11643 | D:12     | Found a runed translucent gate.
 11644 | D:12     | Found a runed translucent gate.
 11645 | D:12     | Found a runed translucent gate.
 11645 | D:12     | Noticed Atolydigh's ghost (journeyman OpHu)
 11646 | D:12     | Noticed Soul's ghost (journeyman GnCK)
 11647 | D:12     | Noticed Faamen's ghost (journeyman DDFi)
 11647 | D:12     | Noticed Extaux's ghost (journeyman GrFi)
 11695 | D:12     | Noticed an eight-headed hydra
 11702 | D:12     | Killed an eight-headed hydra
 11703 | D:12     | Reached skill level 10 in Fighting
 11931 | D:12     | Found Baonylil's Book Shoppe.
 12074 | D:12     | Noticed a seven-headed hydra
 12078 | D:12     | Killed a seven-headed hydra
 12224 | D:12     | Killed Atolydigh's ghost
 12225 | D:12     | Reached skill level 10 in Armour
 12232 | D:12     | Killed Faamen's ghost
 12235 | D:12     | Killed Soul's ghost
 12242 | D:12     | Killed Extaux's ghost
 12394 | D:13     | Noticed a tengu warrior
 12401 | D:13     | Killed a tengu warrior
 12422 | D:13     | Reached skill level 5 in Evocations
 12540 | D:13     | Reached XP level 13. HP: 83/83 MP: 13/13
 12558 | D:13     | Reached skill level 13 in Maces & Flails
 12756 | D:13     | Noticed an ironbound preserver
 12757 | D:13     | Found a gate to the Vaults.
 12773 | D:13     | Killed an ironbound preserver
 13608 | D:13     | Identified the +2 trident "Wonexafa" {elec, rElec rPois rN+
                  | Will-}
 13613 | D:13     | You fall into a shaft and drop 1 floor!
 13761 | D:13     | Reached ****** piety under Trog
 14429 | D:14     | Found a shadowy altar of Dithmenos.
 14495 | D:14     | Found a shimmering altar of Xom.
 14656 | D:15     | Entered Level 15 of the Dungeon
 14699 | D:15     | Noticed a rakshasa
 14725 | D:15     | Killed a rakshasa
 14921 | D:15     | Reached skill level 14 in Maces & Flails
 14972 | D:15     | Gained mutation: Your large and strong wings let you fly.
                  | [Gargoyle growth]
 14972 | D:15     | Reached XP level 14. HP: 90/90 MP: 14/14
 15472 | D:15     | Noticed Louise
 15489 | D:15     | Killed Louise
 15631 | D:15     | Found a staircase to the Depths.
 15631 | D:15     | Noticed a dire elephant
 15645 | D:15     | Killed a dire elephant
 15976 | D:15     | Found a bloodstained altar of Trog.
 16424 | Orc:1    | Entered Level 1 of the Orcish Mines
 16583 | Orc:1    | Received a gift from Trog
 16890 | Orc:2    | Entered Level 2 of the Orcish Mines
 17296 | Orc:2    | Found a runed translucent gate.
 17296 | Orc:2    | Found a runed translucent gate.
 17296 | Orc:2    | Found a runed translucent gate.
 17302 | Orc:2    | Noticed Lanoc's ghost (journeyman TrWn)
 17302 | Orc:2    | Identified the +10 plate armour of Mutualism {Fly}
 17585 | Orc:2    | Found Gohi's General Store.
 17798 | Orc:2    | Noticed Donald
 17808 | Orc:2    | Killed Donald
 17972 | Orc:2    | Received a gift from Trog
 18169 | Orc:2    | Reached skill level 15 in Maces & Flails
 18245 | Orc:2    | Found a staircase to the Elven Halls.
 18256 | Orc:2    | Paralysed by an orc sorcerer for 3 turns
 18751 | Orc:2    | Found Fereecoz's Assorted Antiques.
 18764 | Orc:2    | Found Xoczar's Magic Scroll Shop.
 18772 | Orc:2    | Found Ded Edih's Armour Shoppe.
 18884 | Orc:2    | Reached XP level 15. HP: 96/96 MP: 15/15
 19212 | Orc:2    | Killed Lanoc's ghost
 19338 | Lair:1   | Entered Level 1 of the Lair of Beasts
 19343 | Lair:1   | Noticed Maggie
 19353 | Lair:1   | Killed Maggie
 19532 | Lair:1   | Noticed Erica
 19555 | Lair:1   | Killed Erica
 19897 | Lair:1   | Received a gift from Trog
 20554 | Lair:2   | Found a staircase to the Swamp.
 21246 | Lair:3   | You are sucked into a shaft and drop 3 floors!
 21246 | Lair:6   | Entered Level 6 of the Lair of Beasts
 21398 | Lair:3   | Found a gate leading to a gauntlet.
 21406 | Gauntlet | Entered a Gauntlet
 21406 | Gauntlet | Found a transporter.
 21406 | Gauntlet | Found a transporter.
 21406 | Gauntlet | Found a transporter.
 21412 | Gauntlet | Found a transporter.
 21415 | Gauntlet | Found a transporter.
 21415 | Gauntlet | Found a transporter.
 21425 | Gauntlet | Found a transporter.
 21429 | Gauntlet | Found a transporter.
 21444 | Gauntlet | Found a transporter.
 21445 | Gauntlet | Found a transporter.
 21463 | Gauntlet | Found a transporter.
 21467 | Gauntlet | Found a transporter.
 22004 | Gauntlet | Reached skill level 10 in Dodging
 22008 | Gauntlet | Identified Qumehof's Compendium of Conjuration
 22939 | Lair:4   | Reached skill level 16 in Maces & Flails
 23289 | Lair:4   | Found a staircase to the Snake Pit.
 23308 | Lair:4   | Noticed Nessos
 23328 | Lair:4   | Killed Nessos
 23380 | Lair:4   | Identified the +10 great mace of Floods {vorpal, Fly rF++
                  | Str-4 SInv} (Trog gifted it to you on level 4 of the Lair
                  | of Beasts)
 23380 | Lair:4   | Received a gift from Trog
 24162 | Lair:5   | Reached XP level 16. HP: 87/104 MP: 16/16
 24285 | Lair:5   | Identified the +6 dagger of the Goat {protect, rN+}
 25586 | Lair:6   | Received a gift from Trog
 25960 | Lair:6   | Found a staircase to the Slime Pits.
 25960 | Lair:6   | Found a viscous altar of Jiyva.
 26574 | Swamp:1  | Entered Level 1 of the Swamp
 26579 | Swamp:1  | Noticed Jorgrun
 26768 | Swamp:1  | Killed Jorgrun
 27639 | Swamp:2  | Reached skill level 17 in Maces & Flails
 28065 | Swamp:2  | Received a gift from Trog
 28361 | Swamp:2  | Reached XP level 17. HP: 85/110 MP: 17/17
 29350 | Swamp:3  | Reached skill level 10 in Evocations
 29360 | Swamp:3  | Identified the +4 plate armour of Podoared {Fly}
 29753 | Swamp:4  | Entered Level 4 of the Swamp
 30973 | Swamp:4  | Noticed the 27-headed Lernaean hydra
 31329 | Swamp:3  | Received a gift from Trog
 31612 | Swamp:4  | Reached skill level 18 in Maces & Flails
 31638 | Swamp:4  | Killed the 26-headed Lernaean hydra
 31933 | Swamp:4  | Got a decaying rune of Zot
 32201 | Snake:1  | Entered Level 1 of the Snake Pit
 32613 | Snake:1  | Found a snail-covered altar of Cheibriados.
 33052 | Snake:1  | Reached XP level 18. HP: 117/117 MP: 18/18
 34141 | Snake:2  | Received a gift from Trog
 34998 | Snake:3  | Found Guocaett's Jewellery Shoppe.
 35012 | Snake:3  | Reached skill level 15 in Fighting
 35518 | Snake:3  | Received a gift from Trog
 35760 | Snake:3  | Identified the +3 short sword "Zanat" {elec, Stlth+}
 35876 | Snake:4  | Entered Level 4 of the Snake Pit
 36236 | Snake:4  | Cast into level 2 of the Abyss (nagaraja)
 36236 | Abyss:2  | Found a transporter.
 36278 | Abyss:2  | Noticed a bone dragon
 36298 | Abyss:2  | Killed a bone dragon
 36504 | Abyss:2  | Reached skill level 15 in Armour
 36772 | Snake:4  | Escaped the Abyss
 36781 | Snake:4  | Reached skill level 19 in Maces & Flails
 37127 | Snake:4  | Reached XP level 19. HP: 106/124 MP: 19/19
 37272 | Snake:4  | Received a gift from Trog
 37659 | Snake:4  | Found Foalyhat's Assorted Antiques.
 37748 | Snake:4  | Bought a scroll of teleportation for 66 gold pieces
 37748 | Snake:4  | Bought a potion of heal wounds for 110 gold pieces
 37748 | Snake:4  | Bought a cyan potion for 19 gold pieces
 37753 | Snake:4  | Found Raaroh's Antique Weapon Boutique.
 37785 | Snake:4  | Found Bouro's Magic Scroll Shop.
 37790 | Snake:4  | Bought a scroll of teleportation for 51 gold pieces
 37790 | Snake:4  | Bought a scroll of teleportation for 51 gold pieces
 37790 | Snake:4  | Bought a scroll of teleportation for 51 gold pieces
 37790 | Snake:4  | Bought a scroll of blinking for 127 gold pieces
 37790 | Snake:4  | Bought a scroll of teleportation for 51 gold pieces
 37790 | Snake:4  | Bought a scroll of fear for 59 gold pieces
 37790 | Snake:4  | Bought a scroll of magic mapping for 59 gold pieces
 37813 | Snake:4  | Found Kylle's Magic Scroll Boutique.
 37821 | Snake:4  | Bought a scroll of acquirement for 884 gold pieces
 37821 | Snake:4  | Bought a scroll of teleportation for 51 gold pieces
 37821 | Snake:4  | Bought a scroll of blinking for 127 gold pieces
 37821 | Snake:4  | Bought a scroll of teleportation for 51 gold pieces
 37821 | Snake:4  | Acquired a manual of Dodging
 37961 | Snake:4  | Found Vool's Antique Armour Shoppe.
 37970 | Snake:4  | Bought a fading plate armour for 812 gold pieces
 37970 | Snake:4  | Identified the +10 plate armour of the Garden {rPois} (You
                  | bought it in a shop on level 4 of the Snake Pit)
 37998 | Snake:4  | Acquired the ring of Xoipof {rCorr Int-3 Slay+4}
 38775 | Snake:3  | Received a gift from Trog
 39184 | Snake:4  | Got a serpentine rune of Zot
 39664 | Vaults:1 | Entered Level 1 of the Vaults
 39870 | Slime:1  | Entered Level 1 of the Pits of Slime
 41608 | Slime:2  | Received a gift from Trog
 42111 | Slime:3  | Gained mutation: You have a pair of small horns on your
                  | head. [a shining eye]
 42115 | Slime:3  | Gained mutation: You occasionally shout uncontrollably at
                  | your foes. [a shining eye]
 42419 | Slime:4  | Gained mutation: Armour fits poorly on your strangely
                  | shaped body. [a shining eye]
 42473 | Slime:4  | Paralysed by a great orb of eyes for 6 turns
 42675 | Slime:4  | Gained mutation: You are frail. (-10% HP) [a shining eye]
 42677 | Slime:4  | Gained mutation: You are very frail. (-20% HP) [a shining
                  | eye]
 42678 | Slime:4  | Gained mutation: You are weak. (Str -2) [a shining eye]
 42705 | Slime:4  | Reached XP level 20. HP: 94/104 MP: 20/20
 43135 | Slime:4  | Lost mutation: You have a pair of small horns on your head.
                  | [potion of mutation]
 43135 | Slime:4  | Lost mutation: You are weak. (Str -2) [potion of mutation]
 43135 | Slime:4  | Lost mutation: You are very frail. (-20% HP) [potion of
                  | mutation]
 43135 | Slime:4  | Lost mutation: You occasionally shout uncontrollably at
                  | your foes. [potion of mutation]
 43135 | Slime:4  | Gained mutation: You occasionally shout uncontrollably at
                  | your foes. [potion of mutation]
 43135 | Slime:4  | Gained mutation: Your body sometimes deteriorates upon
                  | taking damage. [potion of mutation]
 43135 | Slime:4  | Gained mutation: Your spells are a little harder to cast,
                  | but a little more powerful. [potion of mutation]
 43135 | Slime:4  | Gained mutation: Your muscles are strong. (Str +2) [potion
                  | of mutation]
 43150 | Slime:5  | Entered Level 5 of the Pits of Slime
 43542 | Slime:5  | Reached skill level 20 in Maces & Flails
 43983 | Slime:5  | Noticed the Royal Jelly
 44836 | Slime:5  | Paralysed by a great orb of eyes for 4 turns
 45021 | Slime:5  | Found a viscous altar of Jiyva.
 45028 | Slime:5  | Received a gift from Trog
 45297 | Slime:5  | Killed the Royal Jelly
 45603 | Slime:5  | Got a slimy rune of Zot
 45626 | Slime:5  | Identified the amulet "Cashrasy" {RegenMP Fragile rElec
                  | Int+7}
 45646 | Slime:5  | Identified the Guide on the Voyage and Flames
 45668 | Slime:5  | Identified the +10 plate armour of Honour {Will+ Str+4
                  | Slay+3}
 47222 | Vaults:1 | Reached XP level 21. HP: 92/123 MP: 21/21
 47302 | Vaults:1 | Received a gift from Trog
 49106 | Vaults:2 | Found a portal to a secret trove of treasure.
 49668 | Vaults:2 | Found a staircase to the Crypt.
 49681 | Vaults:2 | Received a gift from Trog
 50178 | Vaults:2 | Reached skill level 15 in Dodging
 51775 | Vaults:3 | Reached skill level 21 in Maces & Flails
 52159 | Vaults:3 | Noticed Mara
 52163 | Vaults:3 | Noticed Lanoc's illusion
 52170 | Vaults:3 | Killed Mara
 52255 | Vaults:3 | Reached XP level 22. HP: 66/130 MP: 22/22
 52590 | Vaults:3 | Received a gift from Trog
 53472 | Vaults:4 | Found Ategoeke's Antique Weapon Boutique.
 53505 | Vaults:4 | Found Voriruef's Assorted Antiques.
 53514 | Vaults:4 | Bought a potion of haste for 480 gold pieces
 53514 | Vaults:4 | Bought a scroll of teleportation for 144 gold pieces
 53514 | Vaults:4 | Bought a potion of lignification for 144 gold pieces
 53514 | Vaults:4 | Bought a potion of resistance for 480 gold pieces
 53534 | Vaults:4 | Found a huge runed gate.
 53534 | Vaults:4 | Found a huge runed gate.
 53534 | Vaults:4 | Found a huge runed gate.
 53534 | Vaults:4 | Found a huge runed gate.
 53535 | Vaults:4 | Found a huge runed gate.
 53535 | Vaults:4 | Found a huge runed gate.
 53535 | Vaults:4 | Found a huge runed gate.
 53535 | Vaults:4 | Found a huge runed gate.
 53536 | Vaults:4 | Found a huge runed gate.
 53536 | Vaults:4 | Found a huge runed gate.
 53536 | Vaults:4 | Found a huge runed gate.
 53536 | Vaults:4 | Found a huge runed gate.
 53536 | Vaults:4 | Found a huge runed gate.
 53537 | Vaults:4 | Found a huge runed gate.
 53538 | Vaults:4 | Found a huge runed gate.
 53539 | Vaults:4 | Found a huge runed gate.
 53540 | Vaults:4 | Found a huge runed gate.
 53548 | Vaults:4 | Found a huge runed gate.
 53548 | Vaults:4 | Found a huge runed gate.
 53548 | Vaults:4 | Found a huge runed gate.
 53548 | Vaults:4 | Found a huge runed gate.
 53548 | Vaults:4 | Found a huge runed gate.
 53548 | Vaults:4 | Found a huge runed gate.
 53549 | Vaults:4 | Found a huge runed gate.
 53634 | Vaults:4 | Found Kiethen's Weapon Emporium.
 53706 | Vaults:4 | Found a huge runed gate.
 53707 | Vaults:4 | Found a huge runed gate.
 53720 | Vaults:4 | Found a huge runed gate.
 53720 | Vaults:4 | Found a huge runed gate.
 53720 | Vaults:4 | Found a huge runed gate.
 53720 | Vaults:4 | Found a huge runed gate.
 53720 | Vaults:4 | Found a huge runed gate.
 53720 | Vaults:4 | Found a huge runed gate.
 53721 | Vaults:4 | Found a huge runed gate.
 54005 | Vaults:4 | Received a gift from Trog
 54318 | Vaults:4 | Found a huge runed gate.
 54319 | Vaults:4 | Found a huge runed gate.
 54327 | Vaults:4 | Found a huge runed gate.
 54340 | Vaults:4 | Found Uwixzuc's Magic Scroll Boutique.
 54359 | Vaults:4 | Bought a scroll of teleportation for 54 gold pieces
 54359 | Vaults:4 | Bought a scroll of teleportation for 54 gold pieces
 54359 | Vaults:4 | Bought a scroll of teleportation for 54 gold pieces
 54362 | Vaults:4 | Found a transporter.
 54376 | Vaults:4 | Found a transporter.
 54634 | Vaults:4 | Noticed Jeulef's ghost (adept DsFi)
 54667 | Vaults:4 | Killed Jeulef's ghost
 54713 | Vaults:4 | Noticed Nett's ghost (veteran SpBr)
 54726 | Vaults:4 | Killed Nett's ghost
 54730 | Vaults:4 | Identified the amulet "Wuaf Miaz" {Acrobat Fly rC+ Str-5}
 54731 | Vaults:4 | Noticed Gimozud's ghost (adept TrBe)
 54745 | Vaults:4 | Killed Gimozud's ghost
 54747 | Vaults:4 | Noticed Pefumyco's ghost (adept GnDe)
 54750 | Vaults:4 | Noticed a golden dragon
 54884 | Vaults:4 | Noticed a golden dragon
 54884 | Vaults:4 | Noticed Ituhak's ghost (adept GnDe)
 54924 | Vaults:3 | Killed a golden dragon
 55028 | Vaults:4 | Killed Ituhak's ghost
 55052 | Vaults:4 | Noticed a golden dragon
 55060 | Vaults:4 | Killed a golden dragon
 55097 | Vaults:4 | Noticed Cewk's ghost (adept DEVM)
 55099 | Vaults:4 | Noticed melvinkitnick's ghost (adept DgCj)
 55103 | Vaults:4 | Killed Cewk's ghost
 55128 | Vaults:4 | Killed melvinkitnick's ghost
 55205 | Vaults:4 | Killed Pefumyco's ghost
 55447 | Crypt:1  | Entered Level 1 of the Crypt
 55637 | Vaults:4 | Killed a golden dragon
 55732 | Vaults:5 | Entered Level 5 of the Vaults
 55738 | Vaults:5 | Received a gift from Trog
 55741 | Vaults:5 | Reached XP level 23. HP: 71/136 MP: 23/23
 56291 | Vaults:5 | Noticed a dread lich
 56513 | Vaults:4 | Killed a dread lich
 56763 | Vaults:5 | Paralysed by a sphinx for 7 turns
 56764 | Vaults:5 | Noticed a golden dragon
 57273 | Vaults:5 | Noticed a golden dragon
 57280 | Vaults:4 | Noticed Hios's ghost (adept HOMo)
 57631 | Vaults:4 | Killed a golden dragon
 57682 | Vaults:4 | Killed a golden dragon
 57885 | Vaults:4 | Mangled by a stone giant

Illustrated notes

Levels and vault maps discovered:
D:1:      amcnicky_arrival_flooded_fountain, layout_loops_corners,
          chequers_serial_rivers_large_a
D:2:      layout_basic, shapermc_ecumenical_altar_venn,
          minmay_misc_feat_nine_boxes, minmay_cut_off
D:3:      layout_rooms
D:4:      layout_loops_ring, gammafunk_temple_overflow_statue, kennysheep_nub,
          uniq_eustachio
D:5:      layout_cave_pools, nicolae_uskayaw_suspiria
D:6:      layout_basic, cheibrodos_ashenzari_chains,
          ebering_ghost_disaster_area, uniq_pikel, uniq_crazy_yiuf_cottage,
          uniq_blork_the_orc
D:7:      layout_loops_ring, temple_hall, gammafunk_ghost_hive
D:8:      layout_basic, lemuel_doored_altar, serial_bayou_pond_d,
          nicolae_elemental_shop
D:9:      layout_basic, erik_lair_orcish_takeover
D:10:     layout_rooms, uniq_sonja
D:11:     layout_loops_ring, orc_0_dummy, uniq_urug, uniq_nergalle
D:12:     layout_gridville, serial_shops, nicolae_shop_crystal,
          gammafunk_ghost_cemetery
D:13:     layout_basic, skrybe_vaults_entry_preservation
D:14:     layout_rooms, serial_glass, glass_columns_a, glass_columns_c,
          lemuel_coloured_pillars_altar, tgw_xom
D:15:     hangedman_depths_entry_try_elsewhere_first, layout_basic,
          minmay_misc_feat_ornament, trog_hazing_becter, uniq_louise
Temple:   minmay_crystal_spiral_temple
Lair:1:   layout_regular_city, beast_lair_carwin_2, infiniplex_staircase_pool,
          uniq_maggie, uniq_erica
Lair:2:   layout_cave_pods, skrybe_swamp_entry_bodies, st_stairs_7,
          wad_woods_road_03, lemuel_fruit_tree
Lair:3:   layout_gridlike, gauntlet_entry_generic,
          chequers_serial_rivers_large_b, st_stairs_5
Lair:4:   layout_loops_ring, minmay_snake_entry_guardpost_small,
          beast_lair_carwin_9, serial_bayou_shore_b, uniq_nessos
Lair:5:   layout_regular_city, roderic_carrion_pond
Lair:6:   minmay_lair_end_enchanted_forest, layout_long_grid, slime_altar_1
Swamp:1:  layout_basic_swamp, serial_swamp_ruin, evilmike_swamp_ruin_house_1,
          hangedman_swamp_ruin_hall, swamp_pool3, uniq_jorgrun
Swamp:2:  layout_basic_swamp, evilmike_swamp_ruin_rubble_1
Swamp:3:  layout_basic_swamp, evilmike_swamp_ruin_wall
Swamp:4:  swamp_old_school, layout_basic_swamp, swamp_pool1,
          nicolae_swamp_frolicking_bunyips
Snake:1:  layout_layer_cave, basic_altar
Snake:2:  nicolae_snake_nest, layout_gridlike
Snake:3:  layout_basic, serial_shops, nicolae_shop_stone
Snake:4:  snake_hunt, layout_cave_town, serial_shops, shop, nicolae_shop_stone,
          shop, nicolae_shop_trees, shop, drop_trap, st_stairs_12
Slime:1:  cheibrodos_slime_lost_civilization_1, layout_caves
Slime:2:  layout_caves
Slime:3:  layout_caves
Slime:4:  layout_caves
Slime:5
Orc:1:    layout_diamond_mine, basic_altar
Orc:2:    st_orc_elflike, layout_caves, biasface_ghost_orc_armoury,
          sword_in_stone, uniq_donald
Vaults:1: nicolae_vaults_little_squares_5, nicolae_vaults_hallways_thing,
          vaults_room_grunt_arrival_ludios, ontoclasm_vaults_idyll,
          nicolae_vaults_quartermaster, grunt_vaults_diagonal, v_misc_2,
          ontoclasm_vaults_tryst, ontoclasm_vaults_twist,
          nicolae_vaults_diagonal_hallway_7, layout_vaults_ring
Vaults:2: minmay_crypt_entry_simple_statues, vaults_room_corners,
          vaults_dpeg_diagonal, dpeg_vaults_monster_box, grunt_vaults_bifocal,
          nicolae_vaults_diagonal_hallway_7, layout_vaults_omnigrid,
          nicolae_trove_entry_crossroad
Vaults:3: v_misc_16, hangedman_vaults_stretched_pinwheel,
          nicolae_vaults_sealed_display, v_misc_13,
          nicolae_vaults_circle_grid_a, vaults_standard_mumra_x, v_misc_25,
          grunt_vaults_hallway_long, ontoclasm_vaults_misaligned, v_misc_26,
          v_misc_19, vaults_room_grid, ontoclasm_vaults_eye,
          layout_vaults_omnicross, uniq_mara
Vaults:4: gammafunk_vaults_ghost_door_vault, grunt_vaults_hallway_short,
          vaults_mumra_lcd, nicolae_vaults_little_squares_5, v_misc_19,
          gammafunk_sealed_arena, hangedman_vaults_capsules,
          hangedman_vaults_river_flow, vaults_room_door_hall, vaults_dpeg_ring,
          v_misc_14, layout_vaults_maze_bifur, serial_shops, shop,
          shop_fountains, shop, nicolae_shop_waterfront
Vaults:5
Crypt:1:  cheibrodos_crypt_eye_of_stone, layout_rooms, ebering_ghost_xom,
          grunt_ministairs_3, st_burial_chamber, lemuel_upstairs_altar

Skill      XL: |  1  2  3  4  5  6  7  8  9 10 11 12 13 14 15 16 17 18 19 20 21 22 |
---------------+-------------------------------------------------------------------+-----
Dodging        | 2 3 4 5 6 7 8 9 10 11 12 13 14 15 16 | 16.2
Armour         | 3 4 5 6 8 9 10 11 12 13 14 15 16 17 18 | 18.5
Maces & Flails | 4 5 6 7 8 10 11 12 14 15 16 17 18 19 20 21 | 21.8
Fighting       | 4 5 6 7 8 9 10 11 12 13 14 15 16 17 18 | 18.6
Shields        | 1 2 3 4 |  4.0
Evocations     | 3 5 6 7 8 9 10 11 12 13 14 | 14.8

Action                   |  1- 3 |  4- 6 |  7- 9 | 10-12 | 13-15 | 16-18 | 19-21 | 22-24 || total
-------------------------+-------+-------+-------+-------+-------+-------+-------+-------++-------
Melee: Mace              |   102 |   126 |   148 |       |       |       |       |       ||   376
       Whip              |       |       |   120 |   431 |       |       |       |       ||   551
       Flail             |       |       |       |   349 |       |       |       |       ||   349
       Great mace        |       |       |       |    76 |   987 |  1352 |  1221 |   451 ||  4087
       Headbutt          |       |       |       |       |       |       |    25 |       ||    25
Invok: Berserk           |     1 |     7 |     8 |    28 |    24 |    12 |    25 |    12 ||   117
       Brothers in Arms  |       |       |       |     1 |     5 |     3 |     6 |       ||    15
       Trog's Hand       |       |       |       |       |     2 |     2 |     6 |     4 ||    14
 Abil: Evoke Invisibilit |       |       |       |       |     1 |       |       |       ||     1
Evoke: Wand              |       |       |       |     4 |     8 |       |    10 |       ||    22
       Tin of tremorston |       |       |       |       |     2 |       |     2 |       ||     4
       Lightning rod     |       |       |       |       |       |     4 |     4 |       ||     8
  Use: Scroll            |       |       |     8 |     6 |    19 |    13 |    17 |     4 ||    67
       Potion            |       |       |       |       |     2 |     3 |    10 |     1 ||    16
 Stab: Sleeping          |     3 |       |       |       |       |       |       |       ||     3
       Paralysed         |       |       |       |     2 |       |       |       |       ||     2
       Distracted        |       |       |       |     1 |       |       |     1 |       ||     2
Armor: Animal skin       |    47 |    61 |       |       |       |       |       |       ||   108
       Plate armour      |       |    10 |   199 |       |   577 |  1691 |   893 |   354 ||  3724
       Chain mail        |       |       |     5 |   547 |   465 |       |       |       ||  1017
Dodge: Dodged            |    69 |    87 |    77 |   336 |   693 |  1010 |   827 |   352 ||  3451
Block: Buckler           |       |     8 |    54 |   161 |       |       |       |       ||   223

Table legend: (Time is in decaauts)
 A = Elapsed time spent in this place.
 B = Non-inter-level travel time spent in this place.
 C = Inter-level travel time spent in this place.
 D = Time resting spent in this place.
 E = Time spent auto-exploring this place.
 F = Levels seen in this place.
 G = Mean time per level.
                   A        B        C        D        E       F      G
               +--------+--------+--------+--------+--------+-----+--------+
         Total |  58109 |  55236 |   2873 |   9802 |  35460 |  45 | 1291.3 |
       Dungeon |  17064 |  16146 |    918 |    381 |  13020 |  15 | 1137.6 |
        Temple |      1 |      1 |      0 |      0 |      0 |   1 |    1.0 |
          Lair |   7730 |   7078 |    652 |    977 |   4945 |   6 | 1288.3 |
         Swamp |   5387 |   5218 |    169 |   1024 |   3354 |   4 | 1346.8 |
     Snake Pit |   6730 |   6543 |    187 |   1583 |   3994 |   4 | 1682.5 |
    Slime Pits |   5364 |   5190 |    174 |   2155 |   1816 |   5 | 1072.8 |
  Orcish Mines |   2886 |   2794 |     92 |    145 |   2039 |   2 | 1443.0 |
        Vaults |  11711 |  11032 |    679 |   3327 |   5825 |   5 | 2342.2 |
         Crypt |     31 |     31 |      0 |      0 |      0 |   1 |   31.0 |
         Abyss |    572 |    572 |      0 |     15 |    315 |   1 |  572.0 |
      Gauntlet |    629 |    629 |      0 |    194 |    151 |   1 |  629.0 |
               +--------+--------+--------+--------+--------+-----+--------+

Top non-repeatable levels by time:
Vaults:4: 4328 daAuts
Vaults:1: 2549 daAuts
 Snake:3: 2414 daAuts
   Orc:2: 2407 daAuts
Vaults:2: 2376 daAuts
Vaults:3: 2355 daAuts
 Slime:4: 1986 daAuts
 Swamp:4: 1834 daAuts
  Lair:6: 1772 daAuts
    D:13: 1751 daAuts
    D:15: 1722 daAuts
 Snake:4: 1633 daAuts
 Swamp:3: 1477 daAuts
 Snake:1: 1464 daAuts
  Lair:4: 1423 daAuts
